 Dungeon Crawl Stone Soup version 0.28-a0-268-g3f656e82c2 (webtiles) character file.

Game seed: 6153353353287699686

336 Ijustatesigmund the Cudgeller (level 6, -2/40 HPs)
             Began as a Gargoyle Fighter on Aug 28, 2021.
             Slain by a hornet zombie (5 damage)
             ... on level 5 of the Dungeon.
             The game lasted 00:05:09 (4194 turns).

Ijustatesigmund the Cudgeller (Gargoyle Fighter)    Turns: 4194, Time: 00:05:10

Health: -2/40      AC: 13    Str: 20    XL:     6   Next: 54%
Magic:  6/6        EV:  7    Int:  9    God:
Gold:   171        SH:  8    Dex: 10    Spells: 5/5 levels left

rFire   + . .      SeeInvis .   a - +0 flail (freeze)
rCold   . . .      Faith    .   c - +0 kite shield
rNeg    + . .      Spirit   .   b - +0 scale mail
rPois   ∞          Reflect  .   (no helmet)
rElec   +          Harm     .   (no cloak)
rCorr   +          Rampage  .   l - +0 pair of gloves
Will    .....                   o - +0 pair of boots
Stlth   ..........              (no amulet)
HPRegen 0.13/turn               e - ring of protection from fire
MPRegen 0.10/turn               j - ring of resist corrosion

@: no status effects
A: sickness immunity, AC +4, negative energy resistance 1, electricity
resistance, torment resistance 1, petrification resistance
a: no special abilities


You were on level 5 of the Dungeon.
You visited 1 branch of the dungeon, and saw 5 of its levels.

You collected 259 gold pieces.
You spent 88 gold pieces at shops.

Inventory:

Hand Weapons
 a - a +0 flail of freezing (weapon)
Armour
 b - a +0 scale mail (worn)
 c - a +0 kite shield (worn)
 l - a +0 pair of gloves (worn)
 o - a +0 pair of boots (worn)
Jewellery
 e - a ring of protection from fire (left hand)
 i - an amulet of magic regeneration
 j - a ring of resist corrosion (right hand)
Scrolls
 f - 2 scrolls of teleportation
 h - 4 scrolls of identify
 k - a scroll of amnesia
Potions
 d - 2 potions of attraction
 g - 4 potions of curing


   Skills:
 + Level 5.2 Fighting
 * Level 5.6 Maces & Flails
 - Level 3.2 Armour
 - Level 3.2 Shields


You had 5 spell levels left.
You didn't know any spells.
Your spell library contained the following spells:

 Spells                   Type           Power      Damage    Failure   Level
 Slow                     Hex            0%         N/A       100%        2
 Confusing Touch          Hex            0%         N/A       100%        3
 Gell's Gravitas          Tloc           0%         N/A       100%        3
 Ignite Poison            Fire/Tmut/Pois 0%         N/A       100%        3
 Lesser Beckoning         Tloc           0%         N/A       100%        3
 Mephitic Cloud           Conj/Pois/Air  0%         N/A       100%        3
 Teleport Other           Tloc           0%         N/A       100%        3
 Bolt of Magma            Conj/Fire/Erth 0%         4d4       100%        5
 Yara's Violent Unravell  Hex/Tmut       0%         3d3       100%        5


Dungeon Overview and Level Annotations

Branches:
Dungeon (5/15)
 Temple: D:4-7

Altars:
Yredelemnul

Shops:
D:1 :   D:4 ?


Innate Abilities, Weirdness & Mutations

You are immune to sickness and miasma.
Your stone body is resilient. (AC +4)
You are immune to poison.
You resist negative energy. (rN+)
You are resistant to electric shocks. (rElec)
You are resistant to unholy torment.
You are immune to petrification.


Message History

You are too injured to fight recklessly!
A hornet zombie is nearby!
You are too injured to fight recklessly!
You are too injured to fight recklessly!
You are too injured to fight recklessly!
You are too injured to fight recklessly!
You are too injured to fight recklessly!
You are too injured to fight recklessly!
You are too injured to fight recklessly!
You are too injured to fight recklessly!
You are too injured to fight recklessly!
You hit the hornet zombie.
The hornet zombie is severely damaged.
The hornet zombie hits you but does no damage.
You hit the hornet zombie.
The hornet zombie is severely damaged.
The hornet zombie barely misses you. You block the hornet zombie's attack.
You barely miss the hornet zombie.
The hornet zombie is severely damaged.
The hornet zombie hits you. x2
You closely miss the hornet zombie.
The hornet zombie is severely damaged.
You block the hornet zombie's attack.
The hornet zombie hits you but does no damage.
You hit the hornet zombie.
The hornet zombie is almost destroyed.
The hornet zombie hits you but does no damage.
The hornet zombie hits you!
* * * LOW HITPOINT WARNING * * *
You barely miss the hornet zombie.
The hornet zombie is almost destroyed.
The hornet zombie hits you.
* * * LOW HITPOINT WARNING * * *
You feel better. The hornet zombie hits you!
* * * LOW HITPOINT WARNING * * *
The hornet zombie closely misses you.
You barely miss the hornet zombie.
The hornet zombie is almost destroyed.
The hornet zombie hits you.
You die...

###############.#
#..............###
#.##.#.#.#.####.#.
#@##.#...#.####..#
#Z##.###.#.##.....
#.##.....#.##.#..#
#.########.##.#..#
#.# #........ #.#
####....# ...
#.#... #.# #.##.#
..##.#


You could see a hornet zombie.

Vanquished Creatures
  A scorpion (D:5)
  A water moccasin skeleton (D:5)
  A hound (D:4)
  A bullfrog skeleton (D:4)
  An iguana (D:5)
  6 adders
  An adder skeleton (D:4)
  A worm (D:2)
  A dart slug (D:2)
  10 orcs
  8 ball pythons
  8 endoplasms
  2 giant cockroaches
  4 goblins
  7 hobgoblins
  4 quokkas
  3 bats (D:1)
  3 frilled lizards
  4 kobolds
  6 rats
73 creatures vanquished.

Notes
Turn   | Place    | Note
-------+----------+-------------------------------------------
     0 | D:1      | Ijustatesigmund the Gargoyle Fighter began the quest for
                  | the Orb.
     0 | D:1      | Reached XP level 1. HP: 14/14 MP: 1/1
   109 | D:1      | Reached XP level 2. HP: 18/19 MP: 2/2
   394 | D:1      | Found Icwaopta's Book Boutique.
   748 | D:1      | Reached XP level 3. HP: 23/24 MP: 3/3
  1432 | D:2      | Reached XP level 4. HP: 25/29 MP: 4/4
  2609 | D:3      | Found a faded altar of an unknown god.
  2943 | D:4      | Reached XP level 5. HP: 28/34 MP: 5/5
  3137 | D:4      | HP: 1/34 [orc (2)]
  3496 | D:4      | Found Duol's Magic Scroll Shoppe.
  3499 | D:4      | Bought a scroll of identify for 22 gold pieces
  3499 | D:4      | Bought a scroll of identify for 22 gold pieces
  3499 | D:4      | Bought a scroll of identify for 22 gold pieces
  3499 | D:4      | Bought a scroll of identify for 22 gold pieces
  3794 | D:5      | Entered Level 5 of the Dungeon
  3794 | D:5      | Found a basalt altar of Yredelemnul.
  3892 | D:5      | Reached skill level 5 in Maces & Flails
  3892 | D:5      | Reached XP level 6. HP: 29/40 MP: 6/6
  4075 | D:5      | Reached skill level 5 in Fighting
  4193 | D:5      | HP: 2/40 [hornet zombie (7)]
  4194 | D:5      | Slain by a hornet zombie

Illustrated notes

Levels and vault maps discovered:
D:1:      dpeg_arrival_houses_and_road, layout_basic, serial_shops,
          nicolae_shop_crystal
D:2:      layout_rooms, minmay_strange_pillars
D:3:      layout_basic, hellmonk_ecumenical_altar_prayer_group
D:4:      layout_basic, serial_shops, shop
D:5:      layout_loops_cross, yredelemnul_altar_generic,
          lemuel_temple_firewalk_b, serial_shops, kennysheep_mini,
          serial_bayou_crossing, uniq_menkaure

Skill      XL: |  1  2  3  4  5  6 |
---------------+-------------------+-----
Maces & Flails | 3 4 5 |  5.6
Fighting       | 4 5 |  5.2
Armour         | |  3.2
Shields        | |  3.2

Action                   |  1- 3 |  4- 6 || total
-------------------------+-------+-------++-------
Melee: Flail             |    98 |   188 ||   286
  Use: Scroll            |     2 |     6 ||     8
       Potion            |     1 |     2 ||     3
Armor: Scale mail        |    54 |   120 ||   174
Dodge: Dodged            |    42 |    72 ||   114
Block: Kite shield       |    64 |   105 ||   169

Table legend: (Time is in decaauts)
 A = Elapsed time spent in this place.
 B = Non-inter-level travel time spent in this place.
 C = Inter-level travel time spent in this place.
 D = Time resting spent in this place.
 E = Time spent auto-exploring this place.
 F = Levels seen in this place.
 G = Mean time per level.
                   A        B        C        D        E       F      G
               +--------+--------+--------+--------+--------+-----+--------+
         Total |   4319 |   4239 |     80 |    664 |   2878 |   5 |  863.8 |
       Dungeon |   4319 |   4239 |     80 |    664 |   2878 |   5 |  863.8 |
               +--------+--------+--------+--------+--------+-----+--------+

Top non-repeatable levels by time:
     D:3: 1248 daAuts
     D:4: 922 daAuts
     D:1: 892 daAuts
     D:2: 840 daAuts
     D:5: 415 daAuts
